AoeStats
← DigitalJo4

Four Lakes

507923162Analyzed
1v1 RM · 13d ago on Sep 20, 2026· 54m 54s· 2 players
Game mode
Random Map
Map size
Tiny (2 player)
Population
200
Speed
Normal
Resources
Standard
Victory
Conquest
Starting age
Dark Age
Ending age
Imperial Age
RankedLock teamsTeams togetherTeam positionsShared explorationLock speedFull tech treeHidden civsTurbo modeCheats
Victory
Defeat
🇬🇷 Goths · Greece
671
+18
🇸🇰 Persians · Slovakia
704
-34
DigitalJo4
12:29 Feudal Age
12:53 Horse Collar
13:00 Double-Bit Axe
16:56 Castle Age
22:26 Bow Saw
22:18 Heavy Plow
22:57 Forging
22:53 Scale Barding Armor
23:07 Man-at-Arms
25:33 Town Watch
26:25 Wheelbarrow
27:03 Iron Casting
26:28 Scale Mail Armor
30:34 Chain Mail Armor
29:44 Long Swordsman
30:51 Gold Mining
30:46 Pikeman
32:09 Squires
39:03 Imperial Age
41:47 Conscription
43:24 Halberdier
45:13 Blast Furnace
45:29 Perfusion
46:54 Two-Handed Swordsman
jakub102
10:46 Feudal Age
9:03 Loom
11:22 Double-Bit Axe
13:31 Wheelbarrow
15:55 Horse Collar
21:14 Castle Age
20:23 Scale Mail Armor
21:58 Bow Saw
21:31 Pikeman
22:51 Heavy Plow
22:58 Squires
27:17 Forging
31:34 Husbandry
34:08 Scale Barding Armor
39:35 Imperial Age
39:30 Iron Casting
39:15 Chain Barding Armor
42:49 Man-at-Arms
43:15 Gambesons
43:47 Long Swordsman
49:05 Gold Mining
49:53 Fletching
50:36 Thumb Ring
49:52 Crossbowman
51:49 Bodkin Arrow
51:58 Padded Archer Armor
Connection lost

Rejoining the realm…

Still unreachable

The connection could not be restored.

Session expired

The server has moved on; the page needs a fresh start.